 Dungeon Crawl Stone Soup version 0.19.1-1-g22dce08 (webtiles) character file.

1770 M4edhros the Grappler (level 8, -30/80 HPs)
             Began as a Troll Berserker on Jan 4, 2017.
             Was a Priest of Trog.
             Annihilated by Urug
             ... wielding a +3 eveningstar of freezing
              (56 damage)
             ... on level 10 of the Dungeon.
             The game lasted 00:05:25 (1707 turns).

M4edhros the Grappler (Troll Berserker)             Turns: 1707, Time: 00:05:26

Health: -30/80     AC: 10    Str: 26    XL:     8   Next: 80%
Magic:  7/7        EV: 11    Int:  3    God:    Trog [***...]
Gold:   127        SH:  0    Dex: 11    Spells: 0 memorised, 7 levels left

rFire  . . .     SeeInvis .       - Unarmed
rCold  . . .     Gourm    +     a - +0 animal skin
rNeg   . . .     Faith    .     (no shield)
rPois  .         Spirit   .     (helmet restricted)
rElec  .         Reflect  .     (no cloak)
rCorr  .         Harm     +     (gloves unavailable)
MR     ++...     Rnd*Tele +     (boots unavailable)
Stlth  +.........               o - amulet of harm
                                s - +5 ring of protection (curse)
                                d - ring of teleportation (curse)

@: exhausted, regenerating, slowed, drained, very slow
A: unfitting armour, claws 3, fast metabolism 3, gourmand, regeneration 1,
shaggy fur 1, tough skin 2
a: Berserk, Trog's Hand, Burn Spellbooks, Renounce Religion


You were on level 10 of the Dungeon.
You worshipped Trog.
Trog was most pleased with you.
You were hungry.

You visited 1 branch of the dungeon, and saw 10 of its levels.

You collected 230 gold pieces.
You spent 103 gold pieces at shops.

Inventory:

Armour
 a - a +0 animal skin (worn)
 u - a cursed +0 shield
 y - a +0 cloak
Jewellery
 d - a cursed ring of teleportation (left claw)
 l - an uncursed amulet of the gourmand
 o - an amulet of harm (around neck)
 s - a cursed +5 ring of protection (right claw)
Wands
 k - a wand of lightning (8/15)
 t - a wand of lightning (6/15)
Scrolls
 i - a scroll of enchant armour {unknown}
 j - a scroll of enchant weapon {unknown}
 m - 3 scrolls of identify {unknown}
 p - 2 scrolls of remove curse {unknown}
 q - a scroll of fog {unknown}
 v - a scroll of magic mapping {unknown}
Potions
 e - 2 potions of might
 n - a potion of resistance {unknown}
 r - a potion of ambrosia {unknown}
 w - a potion of heal wounds {unknown}
Miscellaneous
 x - a disc of storms
Comestibles
 b - 3 bread rations
 c - 2 slices of pizza
 f - 4 fruits
 g - a beef jerky
 h - 3 meat rations


   Skills:
 + Level 5.3(5.1) Fighting
 + Level 5.1(4.9) Dodging
 * Level 8.8(8.6) Unarmed Combat


You had 7 spell levels left.
You didn't know any spells.

Dungeon Overview and Level Annotations

Branches:
Dungeon (10/15)            Temple (0/1) D:6
   Lair: D:8-11         Orc: D:9-12

Altars:
Fedhas
Hepliaklqana
Makhleb

Shops:
D:7 :   D:10 [

Annotations:
D:10 Urug


Innate Abilities, Weirdness & Mutations

You are too large for most types of armour.
You have claws for hands.
Your metabolism is lightning-fast.
You like to eat raw meat.
Your natural rate of healing is unusually fast.
You are covered in fur. (AC +1)
You have very tough skin. (AC +2)


Message History

You completely miss Urug.
Urug is severely wounded.
You claw Urug!
Urug is severely wounded.
Urug hits you with an eveningstar of freezing!
Urug freezes you!
* * * LOW HITPOINT WARNING * * *
The wight hits you but does no damage.
Unknown command.
You claw Urug!
Urug is almost dead.
You are no longer berserk.
You are exhausted.
You feel yourself slow down. The wight hits you but does no damage.
Unknown command.
You closely miss Urug.
Urug is almost dead.
Urug hits you with an eveningstar of freezing!!!
Ouch! That really hurt!
You die...

### ... #.# #.# ##.##
######...######
#..............#
###...#####.# #
##...#...∩@oz#
####.#......####zz#
........)..##........
####.#.....##.#
.......
#.##...#...########.
# ##...(...#
###.....# ##.....#
###.....######


You could see Urug and 3 wights.

Vanquished Creatures
  A troll (D:9)
  A two-headed ogre (D:10)
  A water moccasin (D:9)
  A black bear (D:9)
  An ogre (D:7)
  3 necrophages
  A centaur (D:6)
  A bullfrog (D:6)
  2 wights (D:10)
  3 crimson imps (D:9)
  A bullfrog zombie (D:7)
  An orc priest (D:6)
  A centaur skeleton (D:6)
  A hound (D:6)
  4 iguanas
  An orc wizard (D:7)
  A worker ant (D:4)
  A hound zombie (D:8)
  A hound skeleton (D:8)
  A worker ant zombie (D:8)
  9 adders
  4 gnolls (D:2)
  A shadow imp (D:9)
  An ooze (D:6)
  An adder zombie (D:10)
  An adder skeleton (D:6)
  2 leopard geckos
  12 orcs
  2 bats
  A giant cockroach (D:3)
  2 goblins (D:3)
  A hobgoblin (D:2)
  2 jackals (D:8)
  A kobold (D:3)
  A ball python (D:1)
  3 rats
72 creatures vanquished.

Notes
Turn   | Place    | Note
-------+----------+-------------------------------------------
     0 | D:1      | M4edhros the Troll Berserker began the quest for the Orb.
     0 | D:1      | Reached XP level 1. HP: 22/22 MP: 0/0
    66 | D:2      | Reached XP level 2. HP: 23/29 MP: 1/1
   235 | D:2      | Reached XP level 3. HP: 33/36 MP: 2/2
   241 | D:2      | Reached skill level 4 in Unarmed Combat
   301 | D:3      | Reached XP level 4. HP: 41/44 MP: 3/3
   335 | D:3      | Reached ** piety under Trog
   533 | D:5      | Entered Level 5 of the Dungeon
   533 | D:5      | Found a hazy altar of Hepliaklqana.
   605 | D:5      | Reached XP level 5. HP: 53/53 MP: 4/4
   692 | D:6      | Reached skill level 5 in Unarmed Combat
   705 | D:6      | Reached XP level 6. HP: 39/61 MP: 5/5
   740 | D:6      | Found a staircase to the Ecumenical Temple.
   759 | D:6      | Found a burning altar of Makhleb.
   760 | D:6      | Found a blossoming altar of Fedhas.
   953 | D:7      | Reached skill level 6 in Unarmed Combat
   973 | D:7      | Found Dach's Book Boutique.
   978 | D:7      | Reached XP level 7. HP: 68/68 MP: 6/6
  1188 | D:9      | Reached skill level 7 in Unarmed Combat
  1252 | D:9      | Noticed a troll
  1431 | D:9      | Reached XP level 8. HP: 77/79 MP: 7/7
  1506 | D:9      | Noticed a troll
  1518 | D:9      | Killed a troll
  1531 | D:9      | Reached *** piety under Trog
  1563 | D:10     | Entered Level 10 of the Dungeon
  1592 | D:10     | Reached skill level 8 in Unarmed Combat
  1608 | D:10     | Noticed a two-headed ogre
  1614 | D:10     | Killed a two-headed ogre
  1614 | D:10     | Reached skill level 5 in Fighting
  1619 | D:10     | Reached skill level 5 in Dodging
  1671 | D:10     | Found Zuicrump's Armour Shoppe.
  1687 | D:10     | Noticed Urug
  1689 | D:10     | Bought a cursed +0 shield for 45 gold pieces
  1689 | D:10     | Bought a +0 cloak for 58 gold pieces
  1707 | D:10     | Annihilated by Urug

Skill      XL: |  1  2  3  4  5  6  7  8 |
---------------+-------------------------+-----
Unarmed Combat | 4 5 6 7 8 |  8.8
Fighting       | 3 4 5 |  5.3
Dodging        | 3 4 5 |  5.1

Action                   |  1- 3 |  4- 6 |  7- 9 || total
-------------------------+-------+-------+-------++-------
Melee: Unarmed           |    38 |   105 |    99 ||   242
       Punch             |       |     3 |     6 ||     9
Invok: Berserk           |     1 |     1 |     4 ||     6
       Trog's Hand       |       |       |     1 ||     1
  Eat: Chunk             |     9 |     4 |     5 ||    18
Armor: Animal skin       |    30 |    26 |    36 ||    92
Dodge: Dodged            |    36 |    52 |    53 ||   141
